Map: Neon Violet Square LE

Players

Lillekanin

  • Race: Terran Terran
  • Spawn Location: 5:00

TYTY (TY) - Winner!

  • Race: Terran Terran
  • Spawn Location: 11:00

Event: IEM Season 12 - Katowice

VOD

Have the link to the VOD?

Description

Time

  • Played on: Feb. 26, 2018, 4:21 a.m.
  • Length: 6:06

All games in this series

Show
View Real Time Build Order
Export as new Build Order

Lillekanin Terran 

Build Orders: Cyclone Opening 

Get SALT Encoding   

  12  0:00  SCV  
  13  0:12  SCV  
  14  0:17  Supply Depot  
  14  0:25  SCV  
  15  0:30  Refinery  
  15  0:39  SCV  
  16  0:47  Barracks  
  16  0:51  SCV  
  17  1:03  SCV  
  18  1:15  SCV  
  20  1:34  Reaper  
  20  1:35  Orbital Command  
  20  1:48  Command Center  
  20  2:01  SCV  
  21  2:05  Factory  
  21  2:10  Barracks Reactor  
  21  2:13  SCV  
  22  2:20  Refinery  
  22  2:25  Supply Depot, SCV  
  23  2:46  SCV  
  24  2:57  Hellion  
  24  2:58  Cyclone  
  24  2:59  SCV  
  28  3:11  SCV, Orbital Command  
  29  3:17  Starport  
  28  3:24  SCV  
  29  3:27  Cyclone  
  29  3:33  Barracks Tech Lab  
  32  3:36  SCV  
  32  3:38  SCV  
  34  3:48  SCV  
  35  3:50  SCV, Hellion  
  38  4:00  Viking, SCV  
  38  4:02  SCV  
  42  4:08  Engineering Bay  
  42  4:12  SCV  
  42  4:14  SCV  
  44  4:19  Supply Depot  
  44  4:24  SCV  
  44  4:26  SCV  
  46  4:35  Refinery  
  46  4:39  Missile Turret  
  46  4:40  SCV x2, Raven  
  46  4:45  Cyclone  
  53  4:59  Cyclone  
  51  5:10  SCV  
  52  5:22  Cyclone  
  52  5:24  SCV  
  43  5:37  SCV x2  
  43  5:41  Command Center  
  48  5:49  SCV x2  
Show
View Real Time Build Order
Export as new Build Order

TYTY Terran - Winner!

Build Orders: Cyclone Opening 

Get SALT Encoding   

  12  0:00  SCV  
  13  0:12  SCV  
  14  0:17  Supply Depot  
  14  0:24  SCV  
  15  0:29  Refinery  
  15  0:39  SCV  
  16  0:45  Barracks  
  16  0:51  SCV  
  17  0:58  Refinery  
  17  1:03  SCV  
  18  1:15  SCV  
  20  1:33  Factory  
  20  1:35  Orbital Command  
  20  1:38  Reaper  
  20  1:52  Supply Depot  
  20  2:00  SCV  
  21  2:10  Reaper  
  21  2:13  SCV  
  23  2:16  Cyclone  
  26  2:25  SCV  
  27  2:37  SCV  
  28  2:45  Command Center  
  28  2:51  Supply Depot  
  28  2:57  Cyclone  
  31  2:59  Barracks Reactor  
  31  3:09  SCV  
  31  3:22  SCV  
  31  3:34  SCV  
  32  3:41  Supply Depot  
  32  3:42  Cyclone  
  32  3:43  Cyclone  
  32  3:46  SCV  
  39  3:57  Orbital Command  
  39  3:58  SCV  
  40  4:10  SCV  
  40  4:14  Cyclone  
  40  4:15  Cyclone  
  47  4:24  SCV  
  47  4:26  SCV  
  47  4:27  Command Center  
  49  4:36  SCV  
  50  4:38  Supply Depot, SCV  
  50  4:47  Cyclone  
  50  4:48  SCV  
  50  4:50  SCV  
  50  4:52  Cyclone  
  58  5:00  SCV  
  58  5:01  Engineering Bay  
  58  5:03  SCV  
  60  5:12  SCV  
  61  5:15  SCV  
  61  5:19  Cyclone  
  65  5:25  SCV  
  56  5:28  SCV  
  56  5:30  Refinery  
  56  5:31  Refinery  
  57  5:37  SCV  
  57  5:40  SCV  
  59  5:49  SCV  
  60  5:52  SCV  

Tags
 
Add a new tag
Caveats
  • Supply blocks, unpowered buildings, or Contaminate may cause inaccurate times.
  • Supply counts are checked every 10 seconds.